SNL (28 & UNDER)
MONTGOMERY BISCUITS @ NEW HAMPSHIRE FISHER CATS
09/23/2023
 
TOP OF THE 1ST
Montgomery Biscuits batting - Pitching for New Hampshire Fisher Cats : RHP Paul Ewing
Pitching: RHP Paul Ewing
Batting: RHB Gabriel Miranda 0-0: Ball
1-0: Called Strike
1-1: Foul Ball, location: 2F
1-2: Foul Ball, location: 2F
1-2: Strikes out looking
Batting: LHB John Haney 0-0: Reached on error, E5 (Groundball, 5)
Batting: SHB Andrew Curran 0-0: Ball
1-0: Called Strike
1-1: Swinging Strike
1-2: Ball
2-2: Strikes out swinging
Batting: RHB Pete Smith 0-0: Foul Ball, location: 2F
0-1: Called Strike
0-2: Fly out, F3 (Popup, 4)
Top of the 1st over - 0 run(s), 0 hit(s), 1 error(s), 1 left on base; Montgomery 0 - New Hampshire 0
BOTTOM OF THE 1ST
New Hampshire Fisher Cats batting - Pitching for Montgomery Biscuits : RHP Scott Walker
Pitching: RHP Scott Walker
Batting: RHB Matt Silver 0-0: Ball
1-0: Ball
2-0: SINGLE (Groundball, 6MD)
Batting: RHB Anthony Hezell 0-0: Ball
1-0: Ball
2-0: Called Strike
2-1: Ball
3-1: Base on Balls
Matt Silver to second
Batting: LHB Sam Barnes 0-0: Foul Ball, location: 2F
0-1: Swinging Strike
0-2: Fielders Choice at 2nd, 4-6 (Groundball, 34)
Matt Silver to third
Batting: RHB Lu-fang Huie 0-0: Called Strike
0-1: Foul Ball, location: 2F
0-2: Fly out, F8 (Flyball, 78M)
Runner from 3rd tags up, SCORES, no throw
Batting: RHB Billy Campbell 0-0: Ball
1-0: Called Strike
1-1: Swinging Strike
1-2: Strikes out swinging
Bottom of the 1st over - 1 run(s), 1 hit(s), 0 error(s), 1 left on base; Montgomery 0 - New Hampshire 1
TOP OF THE 2ND
Montgomery Biscuits batting - Pitching for New Hampshire Fisher Cats : RHP Paul Ewing
Batting: RHB Jean-Paul St-Pierre 0-0: Fly out, F7 (Line Drive, 78S)
Batting: RHB Dave Dawson 0-0: Fly out, F8 (Flyball, 8RM)
Batting: RHB Vicente Carona 0-0: Called Strike
0-1: Ball
1-1: Called Strike
1-2: Ball
2-2: Ball
3-2: Fly out, F8 (Flyball, 8RXD)
Top of the 2nd over - 0 run(s), 0 hit(s), 0 error(s), 0 left on base; Montgomery 0 - New Hampshire 1
BOTTOM OF THE 2ND
New Hampshire Fisher Cats batting - Pitching for Montgomery Biscuits : RHP Scott Walker
Batting: RHB Keith Ford 0-0: Ball
1-0: SINGLE (Line Drive, 6D)
Batting: RHB Phil Matthews 0-0: Fly out, F8 (Line Drive, 8RD)
Batting: RHB José Hernández 0-0: Called Strike
0-1: Ball
1-1: Grounds into double play, 5-4-3 (Groundball, 5)
Bottom of the 2nd over - 0 run(s), 1 hit(s), 0 error(s), 0 left on base; Montgomery 0 - New Hampshire 1
TOP OF THE 3RD
Montgomery Biscuits batting - Pitching for New Hampshire Fisher Cats : RHP Paul Ewing
Batting: RHB Larry Mitchell 0-0: Ball
1-0: Ground out 2-3 (Groundball, 2L)
Batting: RHB Collin Smith 0-0: Called Strike
0-1: Ball
1-1: DOUBLE (Line Drive, 78S)
Batting: RHB Gabriel Miranda 0-0: Ball
Collin Smith steals 3rd base
1-0: Ball
2-0: Foul Ball, location: 2F
2-1: Foul Ball, location: 2F
2-2: Foul Ball, location: 2F
2-2: Ground out 5-3 (Groundball, 5)
Batting: LHB John Haney 0-0: Ball
1-0: Ball
2-0: Ball
3-0: Called Strike
3-1: Base on Balls
Batting: SHB Andrew Curran 0-0: Ball
1-0: Ball
2-0: Called Strike
2-1: Called Strike
2-2: Ball
3-2: Strikes out swinging
Top of the 3rd over - 0 run(s), 1 hit(s), 0 error(s), 2 left on base; Montgomery 0 - New Hampshire 1
BOTTOM OF THE 3RD
New Hampshire Fisher Cats batting - Pitching for Montgomery Biscuits : RHP Scott Walker
Batting: RHB Michael Woodruff 0-0: Called Strike
0-1: Ball
1-1: Swinging Strike
1-2: Foul Ball, location: 2F
1-2: Ball
2-2: Strikes out swinging
Batting: RHB Matt Silver 0-0: Ball
1-0: Foul Ball, location: 2F
1-1: DOUBLE (Line Drive, 89M)
Batting: RHB Anthony Hezell 0-0: Foul Ball, location: 2F
0-1: Ground out 1-3 (Groundball, 23)
Matt Silver to third
Batting: LHB Sam Barnes 0-0: Swinging Strike
0-1: Ball
1-1: Ground out 4-3 (Groundball, 4)
Bottom of the 3rd over - 0 run(s), 1 hit(s), 0 error(s), 1 left on base; Montgomery 0 - New Hampshire 1
TOP OF THE 4TH
Montgomery Biscuits batting - Pitching for New Hampshire Fisher Cats : RHP Paul Ewing
Batting: RHB Pete Smith 0-0: Ball
1-0: Ball
2-0: Ground out 4-3 (Groundball, 4)
Batting: RHB Jean-Paul St-Pierre 0-0: Called Strike
0-1: Ball
1-1: Foul Ball, location: 2F
1-2: Foul Ball, location: 2F
1-2: Strikes out swinging
Batting: RHB Dave Dawson 0-0: Called Strike
0-1: Ball
1-1: TRIPLE (Line Drive, 9LS)
Batting: RHB Vicente Carona 0-0: Ball
1-0: Called Strike
1-1: Ball
2-1: SINGLE (Line Drive, 7S)
Dave Dawson scores
Batting: RHB Larry Mitchell 0-0: Called Strike
0-1: Foul Ball, location: 2F
0-2: Ball
1-2: Foul Ball, location: 2F
1-2: Strikes out swinging
Top of the 4th over - 1 run(s), 2 hit(s), 0 error(s), 1 left on base; Montgomery 1 - New Hampshire 1
BOTTOM OF THE 4TH
New Hampshire Fisher Cats batting - Pitching for Montgomery Biscuits : RHP Scott Walker
Batting: RHB Lu-fang Huie 0-0: Ball
1-0: Called Strike
1-1: Ball
2-1: Called Strike
2-2: Strikes out swinging
Batting: RHB Billy Campbell 0-0: Ball
1-0: Foul Ball, location: 2F
1-1: Ball
2-1: Fly out, F8 (Flyball, 8RD)
Batting: RHB Keith Ford 0-0: Ball
1-0: Called Strike
1-1: Reached on error, E5 (Groundball, 15S)
Batting: RHB Phil Matthews 0-0: Swinging Strike
0-1: DOUBLE (Line Drive, 7LM)
Keith Ford scores
Batting: RHB José Hernández 0-0: Ball
1-0: Called Strike
1-1: Ball
2-1: Foul Ball, location: 2F
2-2: Foul Ball, location: 2F
2-2: Foul Ball, location: 2F
2-2: Foul Ball, location: 2F
2-2: Foul Ball, location: 2F
2-2: Ground out 6-3 (Groundball, 6)
Bottom of the 4th over - 1 run(s), 1 hit(s), 1 error(s), 1 left on base; Montgomery 1 - New Hampshire 2
TOP OF THE 5TH
Montgomery Biscuits batting - Pitching for New Hampshire Fisher Cats : RHP Paul Ewing
Batting: RHB Collin Smith 0-0: Ball
1-0: Called Strike
1-1: Ground out 6-3 (Groundball, 6)
Batting: RHB Gabriel Miranda 0-0: Foul Ball, location: 2F
0-1: Ball
1-1: Ball
2-1: Ball
3-1: Base on Balls
Batting: LHB John Haney 0-0: Ball
1-0: Called Strike
1-1: Swinging Strike
1-2: Fly out, F8 (Flyball, 8RXD)
Batting: SHB Andrew Curran 0-0: Ball
1-0: Ball
2-0: Foul Ball, location: 2F
2-1: Foul Ball, location: 2F
2-2: Foul Ball, location: 2F
2-2: Foul Ball, location: 2F
2-2: Ground out 4-3 (Groundball, 4)
Top of the 5th over - 0 run(s), 0 hit(s), 0 error(s), 1 left on base; Montgomery 1 - New Hampshire 2
BOTTOM OF THE 5TH
New Hampshire Fisher Cats batting - Pitching for Montgomery Biscuits : RHP Scott Walker
Batting: RHB Michael Woodruff 0-0: Ball
1-0: Ball
2-0: Called Strike
2-1: Fly out, F8 (Flyball, 8RM)
Batting: RHB Matt Silver 0-0: Called Strike
0-1: Ball
1-1: Ball
2-1: Fly out, F8 (Flyball, 8LM)
Batting: RHB Anthony Hezell 0-0: Ball
1-0: Called Strike
1-1: SINGLE (Groundball, 56)
Batting: LHB Sam Barnes 0-0: Ball
1-0: Called Strike
1-1: SINGLE (Line Drive, 34D)
Anthony Hezell to second
Runner from 2nd tries for 3rd, SAFE, no throw or cutoff
Batting: RHB Lu-fang Huie 0-0: Ball
1-0: Swinging Strike
1-1: Called Strike
1-2: SINGLE (Groundball, 6)
Anthony Hezell scores
Sam Barnes to second
Batting: RHB Billy Campbell 0-0: Swinging Strike
0-1: Foul Ball, location: 2F
0-2: Strikes out swinging
Bottom of the 5th over - 1 run(s), 3 hit(s), 0 error(s), 2 left on base; Montgomery 1 - New Hampshire 3
TOP OF THE 6TH
Montgomery Biscuits batting - Pitching for New Hampshire Fisher Cats : RHP Paul Ewing
Batting: RHB Pete Smith 0-0: Ball
1-0: Called Strike
1-1: Ground out 4-3 (Groundball, 34)
Batting: RHB Jean-Paul St-Pierre 0-0: Ball
1-0: Ball
2-0: Foul Ball, location: 2F
2-1: Fly out, F9 (Flyball, 9LM)
Batting: RHB Dave Dawson 0-0: Ball
1-0: Foul Ball, location: 2F
1-1: Ground out 4-3 (Groundball, 4)
Top of the 6th over - 0 run(s), 0 hit(s), 0 error(s), 0 left on base; Montgomery 1 - New Hampshire 3
BOTTOM OF THE 6TH
New Hampshire Fisher Cats batting - Pitching for Montgomery Biscuits : RHP Scott Walker
Batting: RHB Keith Ford 0-0: Ball
1-0: Called Strike
1-1: Fly out, F8 (Flyball, 8RXD)
Batting: RHB Phil Matthews 0-0: Ball
1-0: Ball
2-0: Foul Ball, location: 2F
2-1: Ground out 6-3 (Groundball, 56)
Batting: RHB José Hernández 0-0: Called Strike
0-1: SINGLE (Line Drive, 4MD)
Batting: RHB Michael Woodruff 0-0: Ball
1-0: Foul Ball, location: 2F
1-1: Ball
2-1: Foul Ball, location: 2F
2-2: Foul Ball, location: 2F
2-2: Ball
3-2: Foul Ball, location: 2F
3-2: Strikes out swinging
Bottom of the 6th over - 0 run(s), 1 hit(s), 0 error(s), 1 left on base; Montgomery 1 - New Hampshire 3
TOP OF THE 7TH
Montgomery Biscuits batting - Pitching for New Hampshire Fisher Cats : RHP Paul Ewing
Pitching: RHP Armando Rodríguez
Batting: RHB Vicente Carona 0-0: Ball
1-0: Foul Ball, location: 2F
1-1: Swinging Strike
1-2: Ball
2-2: Ground out 1-3 (Groundball, 13)
Batting: RHB Larry Mitchell 0-0: Called Strike
0-1: Swinging Strike
0-2: Foul Ball, location: 2F
0-2: Ball
1-2: Strikes out swinging
Batting: RHB Collin Smith 0-0: Ball
1-0: Called Strike
1-1: Ground out 6-3 (Groundball, 6M)
Top of the 7th over - 0 run(s), 0 hit(s), 0 error(s), 0 left on base; Montgomery 1 - New Hampshire 3
BOTTOM OF THE 7TH
New Hampshire Fisher Cats batting - Pitching for Montgomery Biscuits : RHP Scott Walker
Pitching: RHP Pedro Valdés
Batting: RHB Matt Silver 0-0: Fly out, F8 (Flyball, 8RM)
Batting: RHB Anthony Hezell 0-0: Foul Ball, location: 2F
0-1: Ball
1-1: Ground out 1-3 (Groundball, 15S)
Batting: LHB Sam Barnes 0-0: Ball
1-0: Ball
2-0: Foul Ball, location: 2F
2-1: SOLO HOME RUN (Flyball, 9LD), Distance : 364 ft
Batting: RHB Lu-fang Huie 0-0: Called Strike
0-1: Swinging Strike
0-2: Ball
1-2: Ball
2-2: Foul Ball, location: 2F
2-2: Ball
3-2: Strikes out swinging
Bottom of the 7th over - 1 run(s), 1 hit(s), 0 error(s), 0 left on base; Montgomery 1 - New Hampshire 4
TOP OF THE 8TH
Montgomery Biscuits batting - Pitching for New Hampshire Fisher Cats : RHP Armando Rodríguez
Now in CF: Sadao Kimura
Batting: RHB Gabriel Miranda 0-0: Ball
1-0: Ground out 6-3 (Groundball, 6)
Batting: LHB John Haney 0-0: Ball
1-0: Foul Ball, location: 2F
1-1: Called Strike
1-2: Ground out 3-1 (Groundball, 34S)
Batting: SHB Andrew Curran 0-0: Swinging Strike
0-1: Foul Ball, location: 2F
0-2: Ball
Single, Error in OF, E8, batter to second base
Pitching: RHP Ramón Pérez
Batting: RHB Pete Smith 0-0: Ball
1-0: Ball
2-0: Fly out, F5 (Line Drive, 56S)
Top of the 8th over - 0 run(s), 1 hit(s), 1 error(s), 1 left on base; Montgomery 1 - New Hampshire 4
BOTTOM OF THE 8TH
New Hampshire Fisher Cats batting - Pitching for Montgomery Biscuits : RHP Pedro Valdés
Batting: RHB Billy Campbell 0-0: Foul Ball, location: 2F
0-1: Fly out, F9 (Flyball, 89M)
Batting: RHB Keith Ford 0-0: Called Strike
0-1: Ball
1-1: Foul Ball, location: 2F
1-2: Foul Ball, location: 2F
1-2: TRIPLE (Line Drive, 78D)
Batting: RHB Phil Matthews 0-0: Called Strike
0-1: Swinging Strike
0-2: Strikes out swinging
Batting: RHB José Hernández 0-0: Swinging Strike
0-1: Ball
1-1: Foul Ball, location: 2F
1-2: Foul Ball, location: 2F
1-2: Ball
2-2: Strikes out swinging
Bottom of the 8th over - 0 run(s), 1 hit(s), 0 error(s), 1 left on base; Montgomery 1 - New Hampshire 4
TOP OF THE 9TH
Montgomery Biscuits batting - Pitching for New Hampshire Fisher Cats : RHP Ramón Pérez
Pitching: LHP Carlos Berru
Now at 3B: Scott Briggs
Batting: RHB Jean-Paul St-Pierre 0-0: Swinging Strike
0-1: Ground out 3-1 (Groundball, 34S)
Batting: RHB Dave Dawson 0-0: Called Strike
0-1: Ball
1-1: Foul Ball, location: 2F
1-2: Ball
2-2: Ball
3-2: Strikes out swinging
Batting: RHB Vicente Carona 0-0: Ball
1-0: Swinging Strike
1-1: Ball
2-1: Foul Ball, location: 2F
2-2: Foul Ball, location: 2F
2-2: Foul Ball, location: 2F
2-2: Strikes out looking
Top of the 9th over - 0 run(s), 0 hit(s), 0 error(s), 0 left on base; Montgomery 1 - New Hampshire 4
This league is powered by Out of the Park Baseball, the baseball management simulation game for PC, Mac and Linux
Wednesday, December 2nd, 2015 - OOTP Baseball 16.8 Build 38